 Dungeon Crawl Stone Soup version 0.25-a0-547-g27a0b5d1ef (webtiles) character file.

Game seed: 13337741200530162443, levelgen mode: deterministic

367 vurker the Gusty (level 6, -2/27 HPs)
             Began as a Felid Air Elementalist on Feb 21, 2020.
             Slain by Pikel
             ... wielding a +2 whip of freezing
              (3 damage)
             ... on level 5 of the Dungeon.
             The game lasted 00:05:52 (5540 turns).

vurker the Gusty (Felid Air Elementalist)           Turns: 5540, Time: 00:05:53

Health: -2/27      AC:  4    Str:  4    XL:     6   Next: 41%
Magic:  0/12       EV: 18    Int: 23    God:
Gold:   41         SH:  0    Dex: 18    Spells: 3/13 levels left
                                        Lives:  0   Deaths: 1

rFire    + . .     SeeInvis +   (weapon unavailable)
rCold    . . .     Gourm    .   (shield unavailable)
rNeg     . . .     Faith    .   (armour unavailable)
rPois    .         Spirit   .   (helmet unavailable)
rElec    .         Reflect  .   (cloak unavailable)
rCorr    .         Harm     .   (gloves unavailable)
MR       .....                  (boots unavailable)
Stlth    +++.......             (no amulet)
HPRegen  0.09/turn              b - ring of Sureto {*Slow rF+ Int+4 Dex+2 SInv}
MPRegen  0.13/turn              (no ring)

@: quick
A: very small, no armour, no weapons or thrown items, stealth, claws 1, fangs 3,
horns 1, thin metallic scales 1, see invisible, carnivore, speed 1, low mp 1,
shaggy fur 2, slow metabolism 1, sharp paws
a: no special abilities


You were on level 5 of the Dungeon.
You were very full.

You visited 1 branch of the dungeon, and saw 5 of its levels.

You collected 137 gold pieces.
You spent 96 gold pieces at shops.

Inventory:

Jewellery
 b - the ring of Sureto (left paw) {*Slow rF+ Int+4 Dex+2 SInv}
   (You found it on level 4 of the Dungeon)

   [ring of intelligence]

   It affects your intelligence (+4).
   It affects your dexterity (+2).
   It protects you from fire.
   It lets you see invisible.
   It may slow you when you take damage.
Scrolls
 d - 3 scrolls of teleportation {unknown}
 g - a scroll of noise {unknown}
 i - a scroll of fog {unknown}
 l - 2 scrolls of fear {unknown}
 n - a scroll of enchant armour {unknown}
 q - 2 scrolls of remove curse {unknown}
 s - a scroll of identify
Potions
 a - a potion of flight
 c - a potion of lignification
 f - a potion of ambrosia {unknown}
 h - 2 potions of degeneration {unknown}
 j - 3 potions of haste
 k - 3 potions of curing
 m - a potion of heal wounds {unknown}
 o - 2 potions of cancellation
 p - a potion of resistance
 r - a potion of might {unknown}
Comestibles
 e - 11 rations
 t - a chunk of flesh


   Skills:
 + Level 2.5 Fighting
 - Level 2.6 Dodging
 - Level 2.6 Stealth
 * Level 4.1 Spellcasting
 * Level 3.2 Conjurations
 * Level 4.4 Air Magic


You had 3 spell levels left.
You knew the following spells:

 Your Spells              Type           Power        Failure   Level  Hunger
a - Shock                 Conj/Air       ###.         2%          1    None
b - Lightning Bolt        Conj/Air       ###.......   52%         5    ######.
c - Airstrike             Air            ####......   16%         4    ####...

Your spell library contained the following spells:

 Spells                   Type           Power        Failure   Level  Hunger
 Swiftness                Chrm/Air       ###.....     6%          2    #......
 Static Discharge         Conj/Air       ###.....     6%          3    ##.....
 Animate Skeleton         Necr           N/A          11%         1    None
 Apportation              Tloc           #.....       11%         1    None
 Corona                   Hex            #......      11%         1    None
 Summon Small Mammal      Summ           #...         11%         1    None


Dungeon Overview and Level Annotations

Branches:
Dungeon (5/15)
 Temple: D:4-7

Altars:
Dithmenos
Hepliaklqana
Xom
The Shining One

Shops:
D:4 !   D:5 }[

Annotations:
D:5 Pikel


Innate Abilities, Weirdness & Mutations

You cannot wear armour.
You are incapable of wielding weapons or throwing items.
Your paws allow you to move quietly. (Stealth)
You have sharp claws.
You have razor-sharp teeth.
You have supernaturally acute eyesight. (SInv)
You are carnivorous and can eat meat at any time.
You cover ground quickly.
You are covered in thick fur. (AC +2)
You have a slow metabolism.
Your sharp claws are effective at attacking unaware monsters.
You have a pair of small horns on your head.
You are partially covered in thin metallic scales. (AC +2)
Your magical capacity is low. (-10% MP)


Message History

There is an entrance to Hige's Gadget Emporium here.
As you open the door, it creaks loudly!
You open the door.
Found Plog's Antique Armour Boutique.
There is an open door here.
There is an entrance to Plog's Antique Armour Boutique here.
There is an open door here.
Pikel the Slaver comes into view.
He is wielding a +2 whip of freezing.
Found 13 gold pieces.
Aim: Pikel, wielding a +2 whip of freezing and wearing a cursed +0 robe (resting)
The air twists around and strikes Pikel!
Pikel shouts!
A slave comes into view.
Aim: Pikel, wielding a +2 whip of freezing and wearing a cursed +0 robe (moderately wounded)
The air twists around and strikes Pikel!
The slave shouts!
A slave comes into view.
Aim: Pikel, wielding a +2 whip of freezing and wearing a cursed +0 robe (heavily wounded)
The air twists around and strikes Pikel!
The slave shouts!
A slave comes into view.
You don't have enough magic to cast that spell.
You don't have enough magic to cast that spell.
A slave comes into view.
Pikel hits you but does no damage.
Found a scroll of identify.
The slave shouts!
You scratch Pikel but do no damage. Pikel barely misses you.
You barely miss Pikel. The slave misses you.
Pikel hits you with a +2 whip of freezing!
Pikel freezes you.
* * * LOW HITPOINT WARNING * * *
You closely miss Pikel. You bite Pikel, but do no damage.
The slave closely misses you. The slave misses you.
Pikel says, "I'm sure they'll be treated well, anyway."
Pikel misses you.
You miss Pikel. You headbutt Pikel, but do no damage.
The slave closely misses you. The slave hits you but does no damage.
Pikel hits you with a +2 whip of freezing!
* * * LOW HITPOINT WARNING * * *
Pikel freezes you.
* * * LOW HITPOINT WARNING * * *
Aim: Pikel, wielding a +2 whip of freezing and wearing a cursed +0 robe (almost dead)
The zap misses Pikel.
The slave misses you. The slave hits you.
* * * LOW HITPOINT WARNING * * *
Pikel misses you. The slave barely misses you.
You barely miss Pikel. You headbutt Pikel, but do no damage.
The slave completely misses you. The slave misses you.
Pikel hits you with a +2 whip of freezing.
You die...

#.....?.....#
##...........##
...............
...........#
..........# #
#..p.....# #.#.ppK....#
#.#..@p....#
#..........#
#..........#
#..#...#############
#$.#...#...........#
#..#...#...........#
#..#.###...........#
####..#...+...........#
..........#...........#


You could see Pikel and 4 slaves.

Vanquished Creatures
  A black bear (D:4)
  3 wights (D:4)
  An orc priest (D:3)
  An iguana (D:4)
  A worker ant (D:4)
  4 gnolls (D:4)
  6 adders
  5 oozes
  A worm (D:4)
  A dart slug (D:1)
  2 leopard geckos (D:1)
  4 orcs
  5 giant cockroaches
  12 goblins
  5 hobgoblins
  4 jackals (D:1)
  A quokka (D:4)
  8 bats
  13 frilled lizards
  5 kobolds
  7 rats
90 creatures vanquished.

Notes
Turn   | Place    | Note
-------+----------+-------------------------------------------
     0 | D:1      | vurker the Felid Air Elementalist began the quest for the
                  | Orb.
     0 | D:1      | Reached XP level 1. HP: 7/7 MP: 4/4
   139 | D:1      | Reached skill level 1 in Conjurations
   388 | D:1      | Reached XP level 2. HP: 12/12 MP: 0/6
  1013 | D:1      | Reached XP level 3. HP: 15/15 MP: 3/7
  1136 | D:1      | Reached skill level 1 in Fighting
  2038 | D:2      | Reached XP level 4. HP: 15/19 MP: 2/9
  2202 | D:2      | Found a hazy altar of Hepliaklqana.
  2629 | D:2      | Found a glowing golden altar of the Shining One.
  3069 | D:3      | Found a white marble altar of Elyvilon.
  3071 | D:3      | Found a shimmering blue altar of Sif Muna.
  3071 | D:3      | Found a sacrificial altar of Ru.
  3073 | D:3      | Found a radiant altar of Vehumet.
  3073 | D:3      | Found a shimmering altar of Xom.
  3073 | D:3      | Found a hazy altar of Hepliaklqana.
  3395 | D:3      | Reached XP level 5. HP: 22/22 MP: 6/10
  3949 | D:3      | Learned a level 5 spell: Lightning Bolt
  3954 | D:3      | Learned a level 4 spell: Airstrike
  4281 | D:4      | Slain by a wight
  4282 | D:4      | Reached XP level 4. HP: -2/19 MP: 1/10
  4295 | D:4      | Got a bound golden ring
  4299 | D:4      | Identified the ring of Sureto {*Slow rF+ Int+4 Dex+2 SInv}
                  | (You found it on level 4 of the Dungeon)
  4457 | D:4      | Reached XP level 5. HP: 22/22 MP: 4/11
  4594 | D:4      | Noticed a black bear
  4600 | D:4      | Killed a black bear
  4600 | D:4      | Gained mutation: You are covered in thick fur. (AC +2)
                  | [Felid growth]
  4600 | D:4      | Reached XP level 6. HP: 27/27 MP: 0/12
  4711 | D:4      | Found Xocajy's Distillery.
  4714 | D:4      | Bought a potion of mutation for 96 gold pieces
  4714 | D:4      | Gained mutation: Your magical capacity is low. (-10% MP)
                  | [potion of mutation]
  4714 | D:4      | Gained mutation: You have a pair of small horns on your
                  | head. [potion of mutation]
  4714 | D:4      | Gained mutation: You are partially covered in thin metallic
                  | scales. (AC +2) [potion of mutation]
  4833 | D:4      | Found a shadowy altar of Dithmenos.
  5488 | D:5      | Entered Level 5 of the Dungeon
  5488 | D:5      | Found Hige's Gadget Emporium.
  5504 | D:5      | Found Plog's Antique Armour Boutique.
  5529 | D:5      | Noticed Pikel
  5530 | D:5      | Noticed a slave
  5531 | D:5      | Noticed a slave
  5532 | D:5      | Noticed a slave
  5533 | D:5      | Noticed a slave
  5539 | D:5      | HP: 1/27 [slave[Pikel] (3)]
  5540 | D:5      | Slain by Pikel

Levels and vault maps discovered:
D:1:      dpeg_arrival_stone_temple_mockup, layout_loops_ring,
          minmay_lizard_pond
D:2:      layout_rooms, marbit_many_paths, lemuel_doored_altar, first_ration
D:3:      layout_basic, doesnt_xom_only_xom
D:4:      minmay_chambers_of_fours, layout_loops_cross,
          nicolae_dithmenos_through_a_glass_darkly, serial_shops,
          kennysheep_mini, lemuel_old_faithful
D:5:      layout_basic, serial_shops, kennysheep_little_box, shop,
          nicolae_shop_statue_plus, nicolae_shop_behind_doors,
          nicolae_ossuary_entry_ruins, uniq_edmund, uniq_pikel, uniq_duvessa

Skill      XL: |  1  2  3  4  5  6 |
---------------+-------------------+-----
Conjurations   | 1 2 3 |  3.2
Air Magic      | 3 4 |  4.4
Fighting       | 1 2 |  2.5
Spellcasting   | 3 4 |  4.1
Dodging        | |  2.6
Stealth        | |  2.6

Action                   |  1- 3 |  4- 6 || total
-------------------------+-------+-------++-------
Melee: Unarmed           |    22 |     9 ||    31
       Bite              |     2 |     2 ||     4
       Headbutt          |       |     2 ||     2
 Cast: Shock             |   101 |   142 ||   243
       Airstrike         |       |     5 ||     5
  Use: Scroll            |       |     6 ||     6
       Potion            |       |     1 ||     1
  Eat: Chunk             |    10 |    12 ||    22
Armor: Skin              |     2 |     2 ||     4
Dodge: Dodged            |    29 |    31 ||    60

Table legend:
 A = Non-vault XP
 B = Vault XP
 C = Vault XP percentage of total XP
 D = Non-vault monster count
 E = Vault monster count
 F = Vault count percentage of total count
                 A         B        C        D         E       F
            +---------+---------+-------+---------+---------+-------
      Total |     655 |      53 |   7.5 |      79 |      11 |  12.2
            +---------+---------+-------+---------+---------+-------
        D:1 |      52 |       7 |  11.9 |      27 |       7 |  20.6
        D:2 |      87 |       2 |   2.2 |      19 |       1 |   5.0
        D:3 |     115 |       0 |   0.0 |      21 |       0 |   0.0
        D:4 |     401 |      44 |   9.9 |      12 |       3 |  20.0
            +---------+---------+-------+---------+---------+-------
